 Dungeon Crawl Stone Soup version 0.22.0 (webtiles) character file.

501 ventricule the Sneak (level 7, 0/61 HPs)
             Began as a Halfling Enchanter on Aug 11, 2018.
             Slain by Natasha (5 damage)
             ... on level 4 of the Dungeon.
             The game lasted 00:12:30 (4428 turns).

ventricule the Sneak (Halfling Enchanter)           Turns: 4428, Time: 00:12:31

Health: 0/61       AC:  3    Str: 14    XL:     7   Next: 40%
Magic:  6/9        EV: 15    Int: 15    God:
Gold:   200        SH:  0    Dex: 15    Spells: 3/9 levels left

rFire    . . .     SeeInvis .   a - +1 dagger
rCold    . . .     Gourm    .   (shield restricted)
rNeg     . . .     Faith    .   b - +0 robe
rPois    .         Spirit   .   x - +0 helmet
rElec    .         Reflect  .   (no cloak)
rCorr    +         Harm     .   (no gloves)
MR       .....                  (no boots)
Stlth    ..........             h - amulet of rage
HPRegen  0.20/turn              C - ring of resist corrosion
MPRegen  0.11/turn              (no ring)

@: berserking, slowed
A: small, mutation resistance 1
a: Evoke Berserk Rage


You were on level 4 of the Dungeon.
You were hungry.

You visited 1 branch of the dungeon, and saw 4 of its levels.

You collected 200 gold pieces.

Inventory:

Hand Weapons
 a - a +1 dagger (weapon)
Missiles
 i - 115 sling bullets
 m - 8 tomahawks
 Q - 68 stones (quivered)
Armour
 b - a +0 robe (worn)
 x - a +0 helmet (worn)
Jewellery
 h - an amulet of rage (around neck)
 C - a ring of resist corrosion (left hand)
Wands
 v - a wand of scattershot (6)
 y - a wand of paralysis (18)
Scrolls
 c - 4 scrolls of fear {unknown}
 g - 3 scrolls of identify {unknown}
 j - 2 scrolls of blinking {unknown}
 n - 2 scrolls of fog {unknown}
 o - 2 scrolls of teleportation {unknown}
 p - 3 scrolls of enchant weapon {unknown}
 u - 2 scrolls of amnesia {unknown}
 A - a scroll of random uselessness {unknown}
 B - 3 scrolls of magic mapping {unknown}
 D - a scroll of immolation {unknown}
 E - a scroll of enchant armour {unknown}
Potions
 d - 2 potions of might {unknown}
 f - 3 potions of resistance {unknown}
 k - a potion of haste {unknown}
 l - a potion of berserk rage {unknown}
 q - 4 potions of curing
 r - a potion of lignification {unknown}
 s - 2 potions of agility
 w - 2 potions of degeneration {unknown}
 z - a potion of flight {unknown}
Comestibles
 e - 7 rations


   Skills:
 + Level 5.4 Short Blades
 - Level 2.1 Dodging
 + Level 5.9 Stealth
 - Level 1.5 Spellcasting
 + Level 4.1 Hexes


You had 3 spell levels left.
You knew the following spells:

 Your Spells              Type           Power        Failure   Level  Hunger
a - Ensorcelled Hibernat  Hex/Ice        #.....       16%         2    ###....
c - Confuse               Hex            ##......     13%         3    ####...
v - Corona                Hex            ##.....      4%          1    ##.....

Your spell library contained the following spells:

 Spells                   Type           Power        Failure   Level  Hunger
 Tukima's Dance           Hex            ##......     13%         3    ####...
 Dazzling Spray           Conj/Hex       #.....       30%         3    ####...


Dungeon Overview and Level Annotations

Branches:
Dungeon (4/15)
 Temple: D:4-7

Altars:
Cheibriados
Dithmenos
Hepliaklqana
Wu Jian

Annotations:
D:4 Natasha


Innate Abilities, Weirdness & Mutations

You are small and have problems with some larger weapons.
You are somewhat resistant to further mutation.


Message History

You take 8 damage, and have 15/41 hp.
You fail to use your ability.
Natasha barely misses you.
The shadow imp hits you but does no damage.
Natasha casts a spell.
You fail to use your ability.
The shadow imp gestures at you. Pain shoots through your body!
* * * LOW HITPOINT WARNING * * *
Natasha stares at you and mumbles some strange words.
The magic dart hits you!
* * * LOW HITPOINT WARNING * * *
You take 12 damage, and have 3/41 hp.
MASSIVE DAMAGE!!
Okay, then.
A red film seems to cover your vision as you go berserk!
You feel yourself moving faster!
You feel mighty!
You are feeling hungry.
Natasha claws you.
You die...

#.# #.#..##..###..##..#.
#.# #....###..#..###..#.
#.# #.##..##.....##...(.
#.# #...................
#.# #...##.........##...
#.# #..####..._...####..
#.# #...##.........##...
#.# ##..................
#.# ###@h5##.....##..#..
#.# #...5###..#?.###.#..
#.# #.#..##..###..##....
#.# #.#......###......##
#.# #.#.......#.......##
#.# #.#.####.........###
#.# #.#.#####.......####
#.# #...................
#.############.......####


You could see Natasha, a crimson imp and a shadow imp.

Vault maps used:
D:1:      dpeg_arrival_court
D:3:      st_stairs_3
D:4:      kennysheep_mini, gammafunk_temple_overflow_pools, first_ration,
          nicolae_dithmenos_shadow_blocks, uniq_natasha

Notes
Turn   | Place    | Note
-------+----------+-------------------------------------------
     0 | D:1      | ventricule the Halfling Enchanter began the quest for the Orb.
     0 | D:1      | Reached XP level 1. HP: 11/11 MP: 3/3
    79 | D:1      | Reached skill level 2 in Short Blades
   134 | D:1      | Reached XP level 2. HP: 13/17 MP: 1/4
   201 | D:1      | Learned a level 2 spell: Ensorcelled Hibernation
  1039 | D:2      | Reached XP level 3. HP: 10/21 MP: 1/5
  1557 | D:1      | Identified 2 potions of agility
  1557 | D:1      | HP: 4/21 [adder (2)]
  1558 | D:1      | Identified 2 potions of curing
  1568 | D:1      | Reached skill level 3 in Short Blades
  1781 | D:2      | Identified an amulet of rage (You found it on level 2 of the Dungeon)
  2127 | D:2      | HP: 5/21 [adder (2)]
  2133 | D:2      | Reached XP level 4. HP: 20/27 MP: 1/6
  2134 | D:2      | Reached skill level 4 in Stealth
  2417 | D:2      | Identified a ring of resist corrosion (You found it on level 2 of the Dungeon)
  2738 | D:3      | Reached skill level 3 in Hexes
  2894 | D:3      | Reached XP level 5. HP: 31/31 MP: 7/7
  3208 | D:3      | Identified a +0 helmet (You found it on level 3 of the Dungeon)
  3458 | D:4      | Learned a level 3 spell: Confuse
  3504 | D:4      | Found a hazy altar of Hepliaklqana.
  3513 | D:4      | Noticed an ogre
  3524 | D:4      | Killed an ogre
  3524 | D:4      | Reached skill level 4 in Short Blades
  3524 | D:4      | Reached skill level 5 in Stealth
  3524 | D:4      | Reached XP level 6. HP: 36/36 MP: 8/8
  3645 | D:4      | Found a shadowy altar of Dithmenos.
  3655 | D:4      | Noticed a phantom
  3910 | D:4      | Killed a phantom
  3910 | D:4      | Reached skill level 5 in Short Blades
  3910 | D:4      | Reached XP level 7. HP: 16/41 MP: 3/9
  4118 | D:4      | Noticed Natasha
  4173 | D:4      | Reached skill level 4 in Hexes
  4352 | D:4      | Found a snail-covered altar of Cheibriados.
  4352 | D:4      | Found an ornate altar of the Wu Jian Council.
  4427 | D:4      | HP: 10/41 [shadow imp/nerve-wracking pain[Natasha] (5)]
  4427 | D:4      | HP: 3/41 [Natasha/magic dart (7)]
  4428 | D:4      | Slain by Natasha

Table legend:
 A = Turns spent in this place as a percentage of turns spent in the entire game.
 B = Non-inter-level travel turns spent in this place as a percentage of non-inter-level travel turns spent in the entire game.
 C = Inter-level travel turns spent in this place as a percentage of turns spent in this place.
 D = Turns resting spent in this place as a percentage of non-inter-level travel turns spent in this place.
 E = Turns spent auto-exploring this place as a percentage of non-inter-level travel turns spent in this place.
 F = Non-inter-level travel turns spent in this place divided by the number of levels of this place that you've seen.
                   A       B       C       D       E      F
               +-------+-------+-------+-------+-------+----------------------
         Total | 100.0 | 100.0 |   2.7 |  34.9 |  44.6 | 1077.5
       Dungeon | 100.0 | 100.0 |   2.7 |  34.9 |  44.6 | 1077.5
               +-------+-------+-------+-------+-------+----------------------

Table legend:
 A = Kills in this place as a percentage of kills in entire the game.
 B = Kills by you in this place as a percentage of kills by you in the entire game.
 C = Kills by friends in this place as a percentage of kills by friends in the entire game.
 D = Other kills in this place as a percentage of other kills in the entire game.
 E = Experience gained in this place as a percentage of experience gained in the entire game.
 F = Experience gained in this place divided by the number of levels of this place that you have seen.
                   A       B       C       D       E      F
               +-------+-------+-------+-------+-------+----------------------
         Total | 100.0 | 100.0 |   N/A |   N/A | 100.0 | 179.2
       Dungeon | 100.0 | 100.0 |   N/A |   N/A | 100.0 | 179.2
               +-------+-------+-------+-------+-------+----------------------

Skill      XL: |  1  2  3  4  5  6  7 |
---------------+----------------------+-----
Short Blades   | 2 3 4 5 |  5.4
Stealth        | 4 5 |  5.9
Hexes          | 3 4 |  4.1
Dodging        | |  2.1
Spellcasting   | |  1.5

Action                   |  1- 3 |  4- 6 |  7- 9 || total
-------------------------+-------+-------+-------++-------
Melee: Dagger            |   134 |   162 |     7 ||   303
 Cast: Corona            |    15 |       |       ||    15
       Ensorcelled Hiber |     9 |     1 |     7 ||    17
       Confuse           |       |     2 |       ||     2
 Abil: Evoke Berserk Rag |     1 |     2 |     1 ||     4
  Use: Potion            |     3 |       |       ||     3
 Stab: Sleeping          |     4 |    10 |     4 ||    18
       Confused          |       |     2 |       ||     2
  Eat: Chunk             |     4 |     6 |     3 ||    13
       Ration            |       |     1 |       ||     1
Armor: Robe              |    12 |    13 |     2 ||    27
Dodge: Dodged            |   125 |    98 |     7 ||   230

Vanquished Creatures
  2 ogres (D:4)
  A phantom (D:4)
  A howler monkey (D:4)
  An orc priest (D:3)
  A worker ant (D:4)
  A hound skeleton (D:4)
  5 adders
  An adder skeleton (D:4)
  An adder zombie (D:4)
  A worm (D:2)
  3 dart slugs
  2 leopard geckos (D:3)
  8 orcs
  8 bats
  3 giant cockroaches
  10 goblins
  3 hobgoblins
  A quokka (D:3)
  2 ball pythons
  4 frilled lizards
  13 kobolds
  7 rats
79 creatures vanquished.
